 Dungeon Crawl Stone Soup version 0.31-a0-232-gb1c03b2570 (webtiles) character file.

Game seed: 11774289488951635719

3703 qw the Skirmisher (level 10, -1/64 HPs)
             Began as a Gargoyle Hexslinger on July 7, 2023.
             Was a Follower of Okawaru.
             Slain by a killer bee (5 damage)
             ... on level 8 of the Dungeon.
             The game lasted 00:03:22 (6591 turns).

qw the Skirmisher (Gargoyle Hexslinger)             Turns: 6591, Time: 00:03:23

Health: -1/64      AC: 15    Str: 12    XL:     10   Next: 14%
Magic:  12/13      EV: 20    Int: 14    God:    Okawaru [*.....]
Gold:   426        SH:  0    Dex: 16    Spells: 10/11 levels left

rFire   + . .        Y - +0 shortbow
rCold   . . .        (shield currently unavailable)
rNeg    + . .        g - +1 leather armour {rF+}
rPois   inf          o - +0 helmet
rElec   +            (no cloak)
rCorr   .            l - +1 pair of gloves
SInv    +            (no boots)
Will    .....        (no amulet)
Stlth   +++          i - +5 ring of evasion
HPRegen 0.30/turn    r - ring of see invisible
MPRegen 0.13/turn

%: no passive effects
@: heroic
A: sickness immunity, AC +7, negative energy resistance 1, electricity
resistance, torment resistance 1, petrification resistance
a: Renounce Religion, Heroism


You were on level 8 of the Dungeon.
You worshipped Okawaru.
Okawaru was aware of your devotion.
You visited 2 branches of the dungeon, and saw 9 of its levels.
You also visited: Ossuary.

You collected 426 gold pieces.


Innate Abilities, Weirdness & Mutations

You are immune to sickness and miasma.
Your stone body is resilient. (AC +7)
You are immune to poison.
You resist negative energy. (rN+)
You are resistant to electric shocks. (rElec)
You are resistant to unholy torment.
You are immune to petrification.


   Skills:
 - Level 8.0(13.0) Fighting
 + Level 11.0(16.0) Ranged Weapons
 - Level 2.4(7.4) Armour
 - Level 3.1(8.1) Dodging
 - Level 1.0 Spellcasting
 - Level 2.6 Hexes
 - Level 4.0 Invocations


You had 10 spell levels left.
You knew the following spells:

 Your Spells              Type           Power      Damage    Failure   Level
a - Slow                  Hex            32%        N/A       11%         1

Your spell library contained the following spells:

 Spells                   Type           Power      Damage    Failure   Level
 Inner Flame              Hex/Fire       4%         N/A       50%         3
 Portal Projectile        Hex/Tloc       8%         N/A       50%         3
 Cause Fear               Hex            4%         N/A       71%         4

Inventory:

Hand Weapons
 Y - a +0 shortbow (weapon)
Armour
 g - a +1 leather armour of fire resistance (worn)
 l - a +1 pair of gloves (worn)
 o - a +0 helmet (worn)
Jewellery
 b - a +4 ring of protection
 i - a +5 ring of evasion (left hand)
 r - a ring of see invisible (right hand)
Scrolls
 q - a scroll of identify
Potions
 a - 2 potions of magic
 c - 2 potions of resistance
 f - 2 potions of curing
 h - a potion of might
 j - 2 potions of haste
 m - a potion of mutation
 n - a potion of attraction {unknown}
 p - a potion of heal wounds {unknown}

Dungeon Overview and Level Annotations

Branches:
Dungeon (8/15)             Temple (1/1) D:4         Ossuary (visited)
   Lair: D:8-11

Altars:
Ashenzari
Dithmenos
Elyvilon
Fedhas
Gozag
Hepliaklqana
Kikubaaqudgha
Makhleb
Nemelex Xobeh
Okawaru
Qazlal
Ru
Sif Muna
Trog
Wu Jian
Xom
Yredelemnul
Zin
The Shining One

Annotations:
D:3 1 runed translucent door, Crazy Yiuf
D:5 Dowan


Message History

The killer bee completely misses you. The hornet closely misses you.
The killer bee stings you but does no damage.
The killer bee barely misses you. The killer bee stings you.
The killer bee misses you.
You shoot an arrow. The arrow completely misses the hornet.
The hornet misses you. The killer bee completely misses you.
The killer bee stings you but does no damage. x2
The killer bee misses you.
You shoot an arrow. The arrow hits the hornet.
The hornet is almost dead.
The killer bee stings you but does no damage.
The killer bee barely misses you. The killer bee completely misses you.
The killer bee misses you. The hornet misses you.
The killer bee completely misses you.
The killer bee stings you but does no damage.
The killer bee barely misses you. The killer bee misses you.
The hornet stings you!
You shoot an arrow. The arrow hits the hornet.
The hornet is almost dead.
The killer bee misses you.
The killer bee stings you but does no damage. x2
The killer bee misses you. The hornet closely misses you.
You shoot an arrow. The arrow hits the hornet.
You kill the hornet!
Okawaru is honoured by your kill. The killer bee completely misses you.
The killer bee barely misses you. The killer bee completely misses you.
The killer bee misses you.
The killer bee stings you but does no damage.
The killer bee closely misses you. x2; The killer bee misses you.
The killer bee completely misses you.
Your base Fighting skill increases to level 8!
You shoot an arrow.
The arrow closely misses the killer bee.
The killer bee closely misses you. x2; The killer bee completely misses you.
The killer bee barely misses you. The killer bee closely misses you.
You shoot an arrow. The arrow hits the killer bee.
The killer bee is almost dead.
The killer bee misses you. x2; The killer bee closely misses you.
The killer bee stings you.
You die...

.......##.##..##
...##.##.......#
...... ##.....##
.......###....##
..)...........##
.......#.......#
.......y...###
......yyy.##
.#.ly@y.#
.....###.##
..... ### #


You could see a wyvern and 6 killer bees.

Vanquished Creatures
  A hornet (D:8)
  Grinder (D:6)
  Sigmund (D:3)
  Eustachio (D:6)
  Menkaure (D:5)
  2 water moccasins (D:7)
  Duvessa (D:5)
  A sky beast (D:4)
  4 orc warriors
  3 ice beasts
  2 black bears
  2 ogres (D:5)
  2 centaurs
  Blork the orc (D:5)
  A kobold brigand (D:7)
  3 bullfrogs
  A gnoll sergeant (D:7)
  A scorpion (D:6)
  3 howler monkeys (D:7)
  5 hounds
  2 orc priests
  3 jellies (D:6)
  Jessica (D:3)
  2 iguanas
  Ijyb (D:3)
  4 orc wizards
  Robin (D:3)
  7 adders
  5 gnolls (D:7)
  A white imp (D:7)
  3 worms
  3 dart slugs
  13 orcs
  9 ball pythons
  10 endoplasms
  2 giant cockroaches
  12 goblins
  9 hobgoblins
  2 quokkas (D:1)
  4 bats
  3 frilled lizards (D:1)
  8 hobgoblin zombies (Ossuary)
  12 kobolds
  5 kobold zombies (Ossuary)
  7 orc zombies (Ossuary)
  6 rats
172 creatures vanquished.

Notes
Turn   | Place    | Note
-------+----------+-------------------------------------------
     0 | D:1      | qw the Gargoyle Hexslinger began the quest for the Orb.
     0 | D:1      | Reached XP level 1. HP: 12/12 MP: 2/2
     0 | D:1      | 0 ||| qw: Version: 0.3-a-46-gb1f654a
     0 | D:1      | 0 ||| qw: Game counter: 2366
     0 | D:1      | 0 ||| qw: Melee chars always use a shield: true
     0 | D:1      | 0 ||| qw: God list: Okawaru
     0 | D:1      | 0 ||| qw: Allow faded altars: false
     0 | D:1      | 0 ||| qw: Do Orc after clearing Dungeon:15 true
     0 | D:1      | 0 ||| qw: Do second Lair branch before Depths: true
     0 | D:1      | 0 ||| qw: Lair rune preference: random
     0 | D:1      | 0 ||| qw: Goals: Normal
     0 | D:1      | 0 ||| PLANNING D:1-11
   114 | D:1      | Reached XP level 2. HP: 16/16 MP: 3/3
   176 | D:1      | Reached skill level 3 in Ranged Weapons
   187 | D:1      | HP: 3/16 [kobold/+0 club (3)]
   192 | D:1      | HP: 3/16 [frilled lizard (2)]
   377 | D:1      | Reached XP level 3. HP: 21/21 MP: 4/4
   386 | D:1      | Found a faded altar of an unknown god.
   523 | D:1      | 523 ||| UPGRADING to +0 leather armour.
   533 | D:1      | 533 ||| DROPPING +0 robe.
   534 | D:1      | 534 ||| UPGRADING to +4 ring of protection.
   535 | D:1      | 535 ||| READING scroll labelled OKIBBAWUPP.
   536 | D:1      | 536 ||| READING scroll labelled XAJISYOGHIO.
   537 | D:1      | 537 ||| DRINKING 2 viscous silvery potions.
   538 | D:1      | 538 ||| DRINKING 3 inky potions.
   539 | D:1      | 539 ||| DRINKING 3 fizzy silvery potions.
   540 | D:1      | 540 ||| DROPPING scroll of poison.
   541 | D:1      | 541 ||| DROPPING 2 potions of brilliance.
   542 | D:1      | 542 ||| DROPPING 2 potions of degeneration.
   572 | D:2      | Identified the +9 whip of Tocuxt {protect, *Rage Will++
                  | rCorr}
   581 | D:2      | 581 ||| FLEEEEING.
   631 | D:2      | 631 ||| READING scroll of enchant weapon.
   631 | D:2      | 631 ||| ENCHANTING +2 sling.
   637 | D:2      | 637 ||| Stepping ~*~*~tactically~*~*~ (outnumbered).
   639 | D:2      | 639 ||| Stepping ~*~*~tactically~*~*~ (outnumbered).
   641 | D:2      | 641 ||| Stepping ~*~*~tactically~*~*~ (outnumbered).
   649 | D:2      | Reached XP level 4. HP: 26/26 MP: 5/5
   654 | D:2      | HP: 5/26 [orc priest/nerve-wracking pain (5)]
   657 | D:2      | Reached skill level 4 in Ranged Weapons
  1139 | D:2      | Reached XP level 5. HP: 30/30 MP: 6/6
  1315 | D:2      | 1315 ||| UPGRADING to +1 leather armour of fire resistance.
  1325 | D:2      | 1325 ||| DROPPING +0 leather armour.
  1326 | D:2      | 1326 ||| READING 2 scrolls labelled BICVIKHLYRI.
  1330 | D:2      | 1330 ||| READING scroll labelled KOKLUCK QOHACOY.
  1331 | D:2      | 1331 ||| DRINKING 2 dark potions.
  1398 | D:3      | Noticed Jessica
  1404 | D:3      | Killed Jessica
  1405 | D:3      | Reached skill level 5 in Ranged Weapons
  1489 | D:3      | Noticed Robin
  1509 | D:3      | Killed Robin
  1612 | D:3      | Noticed Sigmund
  1624 | D:3      | Killed Sigmund
  1625 | D:3      | Reached XP level 6. HP: 39/39 MP: 7/7
  1733 | D:3      | Found a hazy altar of Hepliaklqana.
  1774 | D:3      | Found a runed translucent door.
  1775 | D:3      | Noticed Crazy Yiuf
  1992 | D:3      | Noticed Ijyb
  2019 | D:3      | Killed Ijyb
  2373 | D:3      | 2373 ||| UPGRADING to +0 pair of gloves.
  2378 | D:3      | 2378 ||| UPGRADING to +0 helmet.
  2383 | D:3      | 2383 ||| UPGRADING to ring of see invisible.
  2384 | D:3      | 2384 ||| READING 2 scrolls labelled WUOCUSS QUNOET.
  2385 | D:3      | 2385 ||| READING scroll labelled XAGGEO SALEVE.
  2386 | D:3      | 2386 ||| DROPPING scroll of amnesia.
  2387 | D:3      | 2387 ||| DROPPING potion of berserk rage.
  2639 | D:4      | Found a staircase to the Ecumenical Temple.
  2640 | D:4      | 2640 ||| PLANNING TEMPLE
  2649 | Temple   | Entered the Ecumenical Temple
  2826 | Temple   | 2826 ||| PLANNING D:1-11
  2942 | D:4      | Found a shimmering blue altar of Sif Muna.
  3002 | D:4      | Reached skill level 1 in Armour
  3002 | D:4      | Reached XP level 7. HP: 37/44 MP: 8/8
  3165 | D:4      | Found an iron altar of Okawaru.
  3166 | D:4      | 3166 ||| PLANNING OKAWARU WORSHIP
  3166 | D:4      | 3166 ||| READING 2 scrolls labelled ZIMIOSKERPH.
  3167 | D:4      | 3167 ||| READING scroll of enchant armour.
  3167 | D:4      | 3167 ||| ENCHANTING +0 pair of gloves.
  3177 | D:4      | Became a worshipper of Warmaster Okawaru
  3178 | D:4      | 3178 ||| PLANNING D:1-11
  3229 | D:4      | Found a stormy altar of Qazlal.
  3242 | D:4      | Reached skill level 6 in Ranged Weapons
  3427 | D:4      | 3427 ||| READING 2 scrolls of identify.
  3427 | D:4      | 3427 ||| IDENTIFYING fizzy white potion
  3428 | D:4      | 3428 ||| DROPPING potion of lignification.
  3475 | D:5      | Entered Level 5 of the Dungeon
  3640 | D:5      | 3640 ||| SWAPPING to +0 shortbow.
  3641 | D:5      | 3641 ||| DROPPING +3 sling.
  3659 | D:5      | Found an opulent altar of Gozag.
  3727 | D:5      | Reached skill level 7 in Ranged Weapons
  3818 | D:5      | Reached * piety under Okawaru
  3942 | D:5      | Noticed Menkaure
  3943 | D:5      | 3943 ||| INVOKING Heroism.
  3959 | D:5      | Killed Menkaure
  3960 | D:5      | Reached skill level 8 in Ranged Weapons
  3960 | D:5      | Reached XP level 8. HP: 24/48 MP: 7/9
  4234 | D:5      | 4234 ||| INVOKING Heroism.
  4235 | D:5      | 4235 ||| INVOKING Heroism.
  4257 | D:5      | Found a sparkling altar of Nemelex Xobeh.
  4271 | D:5      | Noticed Dowan
  4272 | D:5      | Noticed Duvessa
  4297 | D:5      | Killed Duvessa
  4298 | D:5      | 4298 ||| INVOKING Heroism.
  4302 | D:5      | HP: 6/49 [Dowan/stone arrow (10)]
  4303 | D:5      | 4303 ||| READING 3 scrolls of teleportation.
  4583 | D:5      | Noticed Blork the orc
  4603 | D:5      | Killed Blork the orc
  4683 | D:5      | 4683 ||| UPGRADING to +5 ring of evasion.
  4685 | D:5      | 4685 ||| READING 2 scrolls of identify.
  4685 | D:5      | 4685 ||| IDENTIFYING coppery potion
  4686 | D:5      | 4686 ||| DROPPING potion of invisibility.
  4735 | D:6      | 4735 ||| INVOKING Heroism.
  4736 | D:6      | 4736 ||| INVOKING Heroism.
  4776 | D:6      | 4776 ||| Stepping ~*~*~tactically~*~*~ (outnumbered).
  4790 | D:6      | Reached skill level 1 in Invocations
  4824 | D:6      | Reached skill level 9 in Ranged Weapons
  4834 | D:6      | 4834 ||| INVOKING Heroism.
  4856 | D:6      | 4856 ||| INVOKING Heroism.
  4884 | D:6      | Reached skill level 6 in Fighting
  4962 | D:6      | Noticed Eustachio
  4963 | D:6      | 4963 ||| INVOKING Heroism.
  4971 | D:6      | Reached XP level 9. HP: 30/55 MP: 7/11
  4988 | D:6      | 4988 ||| INVOKING Heroism.
  4993 | D:6      | Killed Eustachio
  4994 | D:6      | Reached skill level 3 in Invocations
  5001 | D:6      | 5001 ||| DRINKING 2 potions of curing.
  5001 | D:6      | 5001 ||| (to cure confusion)
  5003 | D:6      | HP: 11/55 [orc warrior/+0 flail (10)]
  5004 | D:6      | 5004 ||| READING 2 scrolls of teleportation.
  5008 | D:6      | 5008 ||| READING scroll of teleportation.
  5036 | D:6      | 5036 ||| INVOKING Heroism.
  5038 | D:6      | HP: 11/55 [orc wizard/puff of flame (4)]
  5130 | D:6      | 5130 ||| INVOKING Heroism.
  5300 | D:6      | Noticed Grinder
  5301 | D:6      | 5301 ||| INVOKING Heroism.
  5312 | D:6      | Killed Grinder
  5313 | D:6      | Reached skill level 10 in Ranged Weapons
  5453 | D:6      | 5453 ||| DRINKING 2 smoky dark potions.
  5454 | D:6      | 5454 ||| DRINKING 2 potions of curing.
  5454 | D:6      | 5454 ||| (to cure confusion)
  5455 | D:6      | 5455 ||| DRINKING 2 bubbling cyan potions.
  5456 | D:6      | 5456 ||| READING 4 scrolls of identify.
  5456 | D:6      | 5456 ||| IDENTIFYING smoky purple potion
  5457 | D:6      | 5457 ||| READING 3 scrolls of identify.
  5457 | D:6      | 5457 ||| IDENTIFYING metallic blue potion
  5458 | D:6      | 5458 ||| READING 2 scrolls of identify.
  5458 | D:6      | 5458 ||| IDENTIFYING fizzy green potion
  5459 | D:6      | 5459 ||| DROPPING potion of ambrosia.
  5467 | D:7      | 5467 ||| PLANNING OSSUARY
  5526 | D:7      | 5526 ||| INVOKING Heroism.
  5538 | D:7      | Reached skill level 3 in Dodging
  5647 | D:7      | Found a sand-covered staircase.
  5657 | D:7      | 5657 ||| READING scroll labelled VUSHEM HOAPSI.
  5659 | Ossuary  | Entered an ossuary
  5809 | D:7      | 5809 ||| PLANNING D:1-11
  6133 | D:7      | 6133 ||| INVOKING Heroism.
  6398 | D:8      | 6398 ||| INVOKING Heroism.
  6478 | D:8      | Reached skill level 11 in Ranged Weapons
  6478 | D:8      | Reached XP level 10. HP: 63/63 MP: 13/13
  6545 | D:8      | 6545 ||| INVOKING Heroism.
  6575 | D:8      | 6575 ||| INVOKING Heroism.
  6585 | D:8      | HP: 13/63 [killer bee (3)]
  6587 | D:8      | HP: 3/63 [hornet (10)]
  6591 | D:8      | Slain by a killer bee

Levels and vault maps discovered:
D:1:      amcnicky_arrival_underground_garden, layout_rooms,
          hellmonk_ecumenical_altar_lost_god, minmay_vboxes
D:2:      layout_basic
D:3:      layout_basic, nicolae_hepliaklqana_hippocampus, nrook_uturn,
          uniq_jessica, uniq_robin, uniq_sigmund, uniq_crazy_yiuf_cottage,
          uniq_ijyb
D:4:      layout_layer_cave, mainiacjoe_overflow_alcove_4,
          mainiacjoe_overflow_concentric_impassable,
          nicolae_qazlal_beasts_of_the_sky, minmay_temple_entry_hall,
          kennysheep_generic_room_12
D:5:      layout_gridville, kennysheep_mini, nemelex_dance_club_becter,
          uniq_blork_the_orc, uniq_menkaure, uniq_duvessa
D:6:      layout_rooms, st_stairs_9, uniq_eustachio, uniq_grinder
D:7:      layout_basic, enter_ossuary_1
D:8:      layout_cave_pools, grunt_lair_entry_orc_guard_hut
Temple:   nicolae_temple_bog_church

Skill      XL: |  1  2  3  4  5  6  7  8  9 10 |
---------------+-------------------------------+-----
Ranged Weapons | 3 4 5 8 9 11 | 11.0
Fighting       | 2 4 6 7 8 |  8.0
Armour         | 1 2 |  2.4
Dodging        | 2 3 |  3.1
Invocations    | 2 4 |  4.0
Spellcasting   | |  1.0
Hexes          | |  2.6

Action                     |  1- 3 |  4- 6 |  7- 9 | 10-12 || total
---------------------------+-------+-------+-------+-------++-------
   Fire: Sling             |    89 |   204 |    28 |       ||   321
         Shortbow          |       |       |   516 |    58 ||   574
 Invoke: Heroism           |       |       |    14 |     2 ||    16
    Use: Scroll            |     3 |     4 |    11 |       ||    18
         Potion            |     3 |     1 |     4 |       ||     8
 Armour: Robe              |     9 |       |       |       ||     9
         Leather armour    |     3 |    56 |   130 |    36 ||   225
  Dodge: Dodged            |    22 |    70 |   285 |   132 ||   509

Table legend:
 A = Non-vault XP
 B = Vault XP
 C = Vault XP percentage of total XP
 D = Non-vault monster count
 E = Vault monster count
 F = Vault count percentage of total count
                 A         B        C        D         E       F
            +---------+---------+-------+---------+---------+-------
      Total |    3489 |    1802 |  34.1 |     125 |      47 |  27.3
            +---------+---------+-------+---------+---------+-------
        D:1 |      35 |       7 |  16.7 |      23 |       4 |  14.8
        D:2 |     130 |       0 |   0.0 |      22 |       0 |   0.0
        D:3 |      83 |     331 |  80.0 |      15 |      10 |  40.0
        D:4 |      76 |     137 |  64.3 |      10 |       2 |  16.7
        D:5 |     449 |     526 |  53.9 |       6 |       5 |  45.5
        D:6 |     966 |     693 |  41.8 |      22 |       5 |  18.5
        D:7 |    1046 |       0 |   0.0 |      18 |       0 |   0.0
        D:8 |     704 |      88 |  11.1 |       9 |       1 |  10.0
    Ossuary |       0 |      20 | 100.0 |       0 |      20 | 100.0
            +---------+---------+-------+---------+---------+-------
